 Dungeon Crawl Stone Soup version 0.30-a0-953-g5f1da4a474 (webtiles) character file.

Game seed: 7693030832838529962

17084 ytrimaz the Severer (level 12, -5/97 HPs)
             Began as a Formicid Fighter on Mar 28, 2023.
             Was a High Priest of Okawaru.
             Slain by a death knight
             ... wielding a +2 glaive
              (18 damage)
             ... on level 10 of the Dungeon.
             The game lasted 00:14:14 (12428 turns).

ytrimaz the Severer (Formicid Fighter)             Turns: 12428, Time: 00:14:15

Health: -5/97      AC: 17    Str: 25    XL:     12   Next: 78%
Magic:  12/12      EV: 14    Int: 13    God:    Okawaru [*****.]
Gold:   514        SH:  5    Dex: 13    Spells: 11/11 levels left

rFire   + . .      SeeInvis +    a - +1 war axe
rCold   . . .      Faith    .    c - +0 buckler
rNeg    . . .      Spirit   .    y - +5 scale mail of Gozag's Condemnation {+Inv Fly Int+4}
rPois   .          Reflect  .    (helmet unavailable)
rElec   .          Rampage  .    C - +2 cloak
rCorr   .                        (no gloves)
Will    +....                    (no boots)
Stlth   x                          - amulet of the acrobat
HPRegen 0.36/turn                u - ring of protection from fire
MPRegen 0.13/turn                q - +5 ring of evasion

@: flying
A: permanent stasis, dig shafts and tunnels, antennae 3, four strong arms
a: Dig, Shaft Self, Renounce Religion, Evoke Invisibility, Heroism, Finesse,
Duel


You were on level 10 of the Dungeon.
You worshipped Okawaru.
Okawaru was extremely pleased with you.
You visited 2 branches of the dungeon, and saw 12 of its levels.

You collected 835 gold pieces.
You spent 321 gold pieces at shops.


Innate Abilities, Weirdness & Mutations

You cannot be hasted, slowed, berserked, paralysed or teleported.
You can dig through walls and to a lower floor.
You have a pair of large antennae on your head. (SInv)
Your four strong arms can wield two-handed weapons with a shield.


   Skills:
 + Level 9.9 Fighting
 - Level 16.0 Axes
 + Level 9.9 Armour
 - Level 4.0 Shields


You had 11 spell levels left.
You didn't know any spells.
Your spell library contained the following spells:

 Spells                   Type           Power      Damage    Failure   Level
 Apportation              Tloc           0%         N/A       61%         1
 Magic Dart               Conj           0%         1d3       61%         1
 Cigotuvi's Dreadful Rot  Necr/Pois/Air  0%         N/A       75%         2
 Ensorcelled Hibernation  Hex/Ice        0%         N/A       75%         2
 Passwall                 Tmut/Erth      0%         N/A       75%         2
 Poisonous Vapours        Pois/Air       0%         N/A       75%         2
 Static Discharge         Conj/Air       0%         2-2/arc   75%         2
 Frozen Ramparts          Ice            0%         1d1       93%         3
 Ignite Poison            Fire/Tmut/Pois 0%         N/A       93%         3
 Inner Flame              Hex/Fire       0%         N/A       93%         3
 Kindle Blastsparks       Fire/Tloc/Air  0%         2d10      93%         3
 Mephitic Cloud           Conj/Pois/Air  0%         N/A       93%         3
 Stone Arrow              Conj/Erth      0%         3d7       93%         3
 Vhi's Electric Charge    Tloc/Air       0%         N/A       93%         3
 Flame Wave               Conj/Fire      0%         2d4       100%        4
 Ice Form                 Ice/Tmut       0%         N/A       100%        4
 Passage of Golubria      Tloc           0%         N/A       100%        4
 Sticky Flame             Conj/Fire      0%         2d3       100%        4
 Alistair's Intoxication  Tmut/Pois      0%         N/A       100%        5
 Arcjolt                  Conj/Air       0%         1d10      100%        5
 Freezing Cloud           Conj/Ice/Air   0%         6-21      100%        5
 Plasma Beam              Fire/Air       0%         2x1d7     100%        5
 Yara's Violent Unravell  Hex/Tmut       0%         3d3       100%        5
 Lehudib's Crystal Spear  Conj/Erth      0%         10d2      100%        8
 Call Imp                 Summ           Unusable   N/A       N/A         2
 Swiftness                Air            Unusable   N/A       N/A         3
 Tukima's Dance           Hex            Unusable   N/A       N/A         3
 Animate Armour           Summ/Erth      Unusable   N/A       N/A         4
 Summon Ice Beast         Ice/Summ       Unusable   N/A       N/A         4

Inventory:

Hand Weapons
 a - a +1 war axe (weapon)
 F - a +0 battleaxe
   (You bought it in a shop on level 10 of the Dungeon)
Missiles
 j - a throwing net
 m - 6 boomerangs
Armour
 b - a +0 scale mail
 c - a +0 buckler (worn)
 y - the +5 scale mail of Gozag's Condemnation (worn) {+Inv Fly Int+4}
   (You bought it in a shop on level 1 of the Dungeon)

   Int:       It affects your intelligence (+4).
   +Inv:      It lets you turn invisible.
   Fly:       It grants you flight.
 C - a +2 cloak (worn)
   (You found it on level 8 of the Dungeon)
Jewellery
 h - a ring of fire
   (You found it on level 1 of the Dungeon)
 n - a ring of ice
   (You found it on level 2 of the Dungeon)
 q - a +5 ring of evasion (right hand)
   (You took it off a tengu conjurer on level 10 of the Dungeon)
 u - a ring of protection from fire (left hand)
   (You found it on level 6 of the Dungeon)
 x - an amulet of the acrobat (around neck)
   (You found it on level 7 of the Dungeon)
Wands
 r - a wand of light (12) (quivered)
   (You found it on level 7 of the Dungeon)
 v - a wand of paralysis (7)
   (You found it on level 6 of the Dungeon)
 A - a wand of digging (5)
   (You found it on level 9 of the Dungeon)
Scrolls
 l - 3 scrolls of amnesia
 s - a scroll of identify
 t - 2 scrolls of torment
 z - 2 scrolls of magic mapping
 D - 2 scrolls of teleportation
 E - 2 scrolls of enchant weapon
Potions
 d - 4 potions of might
 e - 3 potions of brilliance
 f - a potion of magic {unknown}
 g - a potion of flight
 i - 2 potions of resistance
 k - 2 potions of mutation
 o - 3 potions of attraction
 p - a potion of invisibility

Dungeon Overview and Level Annotations

Branches:
Dungeon (11/15) Zot: 26217  Temple (1/1) D:6 Zot: 5661
   Lair: D:8-11         Orc: D:9-12

Altars:
Ashenzari
Cheibriados
Dithmenos
Elyvilon
Fedhas
Gozag
Hepliaklqana
Kikubaaqudgha
Makhleb
Nemelex Xobeh
Okawaru
Qazlal
Ru
Sif Muna
Trog
Uskayaw
Vehumet
Wu Jian
Xom
Yredelemnul
Zin
The Shining One

Shops:
D:1 [:*?   D:7 **   D:10 (

Annotations:
D:7 1 runed translucent door, Crazy Yiuf
D:9 3 runed translucent doors, BlueFish's ghost, novice OpWr

## ... #.# ##.# ... #.#
{ ##### ##.##
######.>.# #.p.# ##
##.##.##.#####@#### ###
##. #..##.##.##.##.##.#
#.###..
##..##..........รท..#
#..##..
#...##.##.##.##.##.#
#...#..
##..######.#####.##.###
#....#. #...#
#...##....#.#.# #......
...## ##.#######)#)##
#...... ..## ###'#
##.### #...>.. .##
#...# #..## #......


You could see a death knight (blind).


Message History

๐Ÿ˜• HP[+1] Unknown command. ๐Ÿ˜• HP[+1]
Found an escape hatch in the floor. ๐Ÿ˜Ž HP[+4]
Your hp is fully restored (97).
Key pressed, stopping explore.
Unknown command.
You reach down and open the door.
There is an open door here.
Key pressed, stopping explore.
You pick up a book of Minor Magic and begin reading...
You add the spell Magic Dart to your library.
Key pressed, stopping explore.
Key pressed, stopping explore.
There is an open door here.
A death knight comes into view. It is wielding a +2 glaive.
The death knight shouts!
Aiming: Bolt of Light
Press: ? - help, Q - select action, (/) - cycle Shift-Dir - straight line, f - death knight
Aim: a death knight, wielding a +2 glaive and wearing a +0 chain mail (71% to hit)
The bolt of light hits the death knight.
The death knight is blinded.
Unknown command.
The death knight completely misses you.
You fail to use your ability.
The death knight barely misses you.
You barely miss the death knight.
The death knight offers itself to Yredelemnul, and fills with unholy energy.
You catch the helpless death knight completely off-guard!
You slice the death knight!!
The death knight reflects your damage back at you!
You block the death knight's attack. ๐Ÿ˜• HP[-12]
You take 12 damage, and now have 85/97 hp.
Unknown command.
You slash the death knight!
The death knight reflects your damage back at you!
You block the death knight's attack. ๐Ÿ˜• HP[-4]
You take 4 damage, and now have 81/97 hp.
You slice the death knight!!
The death knight reflects your damage back at you! ๐Ÿ˜ฎ HP[-15]
You take 15 damage, and now have 66/97 hp.
Unknown command.
You hit the death knight.
The death knight reflects your damage back at you!
The death knight misses you. ๐Ÿ˜ฎ HP[-1]
You take 1 damage, and now have 65/97 hp.
You catch the helpless death knight completely off-guard!
You slash the death knight!
The death knight reflects your damage back at you!
The death knight is no longer blind.
The death knight hits you with a +2 glaive.
Unknown command. ๐Ÿ˜ฎ HP[-8]
You take 8 damage, and now have 57/97 hp.
You barely miss the death knight.
Unknown command.
You barely miss the death knight.
The death knight hits you with a +2 glaive! ๐Ÿ˜ฎ HP[-7]
You take 7 damage, and now have 50/97 hp.
You hit the death knight.
The death knight reflects your damage back at you!
* * * LOW HITPOINT WARNING * * *
The death knight calls down the wrath of Yredelemnul upon you.
You resist with significant effort. ๐Ÿ˜จ HP[-3]
You take 3 damage, and now have 47/97 hp.
Unknown command.
You hit the death knight.
The death knight reflects your damage back at you!
The death knight closely misses you.
You barely miss the death knight. ๐Ÿ˜จ HP[+1] Unknown command.
You hit the death knight.
The death knight reflects your damage back at you!
* * * LOW HITPOINT WARNING * * *
The death knight's dark mirror aura disappears.
The death knight hits you with a +2 glaive!
* * * LOW HITPOINT WARNING * * *
๐Ÿ˜จ HP[-16]
You take 16 damage, and now have 32/97 hp.
You barely miss the death knight.
The death knight hits you with a +2 glaive!!
* * * LOW HITPOINT WARNING * * *
๐Ÿ˜ฑ HP[-19]
You take 19 damage, and now have 13/97 hp.
Unknown command.
Aiming: Bolt of Light
Press: ? - help, Q - select action, (/) - cycle Shift-Dir - straight line, f/p - death knight
Aim: a death knight, wielding a +2 glaive and wearing a +0 chain mail (almost dead, 71% to hit)
The bolt of light hits the death knight!
The death knight is blinded.
The death knight hits you with a +2 glaive!!
You die...

Skill      XL: |  1  2  3  4  5  6  7  8  9 10 11 12 |
---------------+-------------------------------------+-----
Axes           | 3 4 6 7 8 10 13 15 16 | 16.0
Fighting       | 8 9 |  9.9
Armour         | 8 9 |  9.9
Shields        | |  4.0

Action                     |  1- 3 |  4- 6 |  7- 9 | 10-12 || total
---------------------------+-------+-------+-------+-------++-------
  Melee: War axe           |    98 |    64 |   241 |   393 ||   796
 Invoke: Heroism           |       |       |       |     7 ||     7
Ability: Dig               |       |       |       |     4 ||     4
         Shaft Self        |       |       |       |     1 ||     1
  Evoke: Wand              |       |       |     4 |     2 ||     6
    Use: Scroll            |    10 |     2 |     3 |     7 ||    22
         Potion            |     2 |     1 |     1 |     7 ||    11
   Stab: Invisible         |       |       |     3 |     2 ||     5
 Armour: Scale mail        |    73 |    37 |    73 |   148 ||   331
         Skin              |    11 |       |       |    25 ||    36
  Dodge: Dodged            |    75 |    48 |   116 |   195 ||   434
  Block: Buckler           |    27 |    17 |    50 |    81 ||   175

Levels and vault maps discovered:
D:1:      lemuel_arrival_lava_pool, layout_loops_ring, basic_ecumenical_altar,
          serial_shops, nicolae_shop_hallway_stairs, shop, shop,
          nicolae_shop_temple_entry_statues_fountains
D:2:      layout_basic, corexii_item_surrounded_by_moat,
          nicolae_kite_square_tiling_tiny
D:3:      layout_basic, serial_curves, eino_curves_04, eino_curves_02,
          eino_curves_03
D:4:      layout_loops_ring, general_overflow_altar, uniq_menkaure, uniq_sigmund
D:5:      layout_rooms, minmay_misc_feat_hallway
D:6:      layout_loops_ring, minmay_temple_entry_nine_rooms,
          serial_bayou_lagoon_b
D:7:      layout_loops_ring, minmay_gold_behind_fungi, minivault_14,
          chequers_serial_rivers_large_a, nicolae_specific_store,
          uniq_crazy_yiuf_cottage, uniq_maggie
D:8:      layout_cave_pools, hangedman_feature_mirror
D:9:      layout_basic, grunt_temple_overflow_cloverleaf,
          ebering_ghost_rock_garden, small_statue_intersection,
          hangedman_abyss_or_decor_clamps
D:10:     hangedman_cross_veins, layout_layer_cave, serial_shops,
          nicolae_stop_n_shop_2, minmay_between
D:11:     minmay_glassy_protrusions, layout_loops_ring,
          grunt_lair_entry_orc_guard_hut, erik_orc_3,
          gammafunk_ghost_necromancy, kennysheep_generic_room_14
Temple:   bh_familiar_temple

Notes
Turn   | Place    | Note
-------+----------+-------------------------------------------
     0 | D:1      | ytrimaz the Formicid Fighter began the quest for the Orb.
     0 | D:1      | Reached XP level 1. HP: 18/18 MP: 1/1
     0 | D:1      | magus.rc [v1.9.6]
    75 | D:1      | Found Gawnuuw's Book Emporium.
    95 | D:1      | Found a faded altar of an unknown god.
   101 | D:1      | Found Akodytar's Antique Armour Shoppe.
   278 | D:1      | Found Keqap's General Store.
   297 | D:1      | Upgraded the game from 0.30-a0-949-g53dc5368d7 to
                  | 0.30-a0-953-g5f1da4a474
   297 | D:1      | magus.rc [v1.9.6]
   298 | D:1      | Reached XP level 2. HP: 24/24 MP: 2/2
   326 | D:1      | You add the spells Kindle Blastsparks, Ignite Poison and
                  | Freezing Cloud to your library.
   475 | D:1      | Found Okkad's Magic Scroll Emporium.
   531 | D:1      | Reached skill level 3 in Axes
   913 | D:2      | Reached XP level 3. HP: 29/29 MP: 3/3
   966 | D:2      | You pick up a book of Armaments and begin reading...
   966 | D:2      | You add the spells Stone Arrow, Animate Armour and
                  | Lehudib's Crystal Spear to your library.
  1137 | D:2      | Identified the +8 dagger of Dissent {freeze, Str+3}
  1542 | D:3      | You pick up a book of Rime and begin reading...
  1542 | D:3      | You add the spells Frozen Ramparts, Ice Form and Summon Ice
                  | Beast to your library.
  1802 | D:3      | Reached skill level 4 in Axes
  1802 | D:3      | Reached XP level 4. HP: 29/35 MP: 4/4
  2159 | D:3      | You pick up a book of Vapours and begin reading...
  2159 | D:3      | You add the spells Poisonous Vapours, Cigotuvi's Dreadful
                  | Rot and Mephitic Cloud to your library.
  2228 | D:4      | You pick up a book of Burglary and begin reading...
  2228 | D:4      | You add the spells Passwall and Ensorcelled Hibernation to
                  | your library.
  2375 | D:4      | Found a radiant altar of Vehumet.
  2385 | D:4      | Identified the +1 robe of a ziggurat {Regen+ Int+5}
  2421 | D:4      | Reached XP level 5. HP: 11/41 MP: 5/5
  2567 | D:4      | Noticed Menkaure
  2572 | D:4      | HP: 9/41 [Menkaure (9)]
  2574 | D:4      | Killed Menkaure
  2575 | D:4      | Reached skill level 6 in Axes
  2575 | D:4      | Reached XP level 6. HP: 7/47 MP: 6/6
  2821 | D:4      | Noticed Sigmund
  2830 | D:4      | Killed Sigmund
  2831 | D:4      | Reached skill level 7 in Axes
  2831 | D:4      | Reached XP level 7. HP: 50/52 MP: 7/7
  2935 | D:4      | You pick up a book of Lightning and begin reading...
  2935 | D:4      | You add the spells Static Discharge, Vhi's Electric Charge,
                  | Plasma Beam and Arcjolt to your library.
  3072 | D:5      | Entered Level 5 of the Dungeon
  3158 | D:5      | Reached skill level 8 in Axes
  3261 | D:5      | HP: 13/52 [hound (3)]
  3265 | D:5      | Reached XP level 8. HP: 19/58 MP: 8/8
  3557 | D:5      | You pick up a book of Party Tricks and begin reading...
  3557 | D:5      | You add the spells Apportation and Alistair's Intoxication
                  | to your library.
  3585 | D:5      | Reached skill level 9 in Axes
  4222 | D:6      | Found a staircase to the Ecumenical Temple.
  4247 | Temple   | Entered the Ecumenical Temple
  4559 | Temple   | Became a worshipper of Warmaster Okawaru
  4754 | D:6      | Reached skill level 10 in Axes
  5028 | D:6      | Reached XP level 9. HP: 38/64 MP: 9/9
  5602 | D:7      | Reached skill level 11 in Axes
  5701 | D:7      | Reached * piety under Okawaru
  6115 | D:7      | You add the spells Passage of Golubria and Yara's Violent
                  | Unravelling to your library.
  6303 | D:7      | Noticed Maggie
  6314 | D:7      | Killed Maggie
  6315 | D:7      | Reached skill level 12 in Axes
  6325 | D:7      | Found a runed translucent door.
  6326 | D:7      | Noticed Crazy Yiuf
  6672 | D:7      | Found Coas's General Store.
  6690 | D:7      | Found Huazxige's Specific Store.
  6702 | D:7      | Bought a potion of heal wounds for 70 gold pieces
  7183 | D:6      | HP: 15/64 [electric eel/bolt of electricity (13)]
  7477 | D:6      | You pick up a book of Flames and begin reading...
  7477 | D:6      | You add the spells Inner Flame, Sticky Flame and Flame Wave
                  | to your library.
  7720 | D:1      | Bought a distressingly furry scale mail for 180 gold pieces
  7720 | D:1      | Identified the +5 scale mail of Gozag's Condemnation {+Inv
                  | Fly Int+4} (You bought it in a shop on level 1 of the
                  | Dungeon)
  8060 | D:8      | Reached ** piety under Okawaru
  8066 | D:8      | Reached skill level 13 in Axes
  8066 | D:8      | Reached XP level 10. HP: 51/70 MP: 10/10
  8529 | D:8      | Noticed a gargoyle
  8623 | D:8      | Found a blossoming altar of Fedhas.
  8639 | D:8      | Killed a gargoyle
  8640 | D:8      | Reached skill level 14 in Axes
  9011 | D:8      | Found a stormy altar of Qazlal.
  9011 | D:8      | Noticed a centaur warrior
  9026 | D:8      | Killed a centaur warrior
  9026 | D:8      | Reached *** piety under Okawaru
  9302 | D:9      | Reached skill level 15 in Axes
  9305 | D:9      | HP: 16/70 [yak (5)]
  9313 | D:9      | Reached XP level 11. HP: 18/75 MP: 7/11
  9650 | D:9      | HP: 16/72 [orc warrior/+2 trident of freezing (5)]
  9654 | D:9      | Reached **** piety under Okawaru
  9851 | D:9      | Found a runed translucent gate.
  9852 | D:9      | Found a runed translucent gate.
  9853 | D:9      | Found a runed translucent gate.
  9855 | D:9      | Noticed BlueFish's ghost (novice OpWr)
  9936 | D:9      | Identified a potion of experience
  9971 | D:9      | Reached skill level 16 in Axes
  9982 | D:9      | HP: 18/76 [yak (9)]
  9985 | D:9      | HP: 5/76 [yak (13)]
  9990 | D:9      | HP: 13/76 [yak (12)]
  9992 | D:9      | Reached skill level 4 in Fighting
  9992 | D:9      | Reached skill level 4 in Armour
 10229 | D:9      | Reached skill level 8 in Fighting
 10229 | D:9      | Reached skill level 8 in Armour
 10229 | D:9      | Reached XP level 12. HP: 93/93 MP: 12/12
 10341 | D:9      | Found a burning altar of Makhleb.
 10348 | D:9      | Found a blossoming altar of Fedhas.
 10361 | D:9      | Found a white marble altar of Elyvilon.
 10369 | D:9      | Found a snail-covered altar of Cheibriados.
 10690 | D:10     | Entered Level 10 of the Dungeon
 10690 | D:10     | Found Zine Kawe's Weapon Shoppe.
 10693 | D:10     | Bought a +0 battleaxe for 71 gold pieces
 10885 | D:10     | HP: 13/94 [vampire/vampiric draining (13)]
 10908 | D:10     | HP: 30/141 [something (10)]
 10913 | D:10     | Reached skill level 9 in Fighting
 10913 | D:10     | Reached skill level 9 in Armour
 11525 | D:10     | HP: 20/85 [efreet/+0 scimitar of flaming (4)]
 11615 | D:10     | Noticed a boulder beetle
 11624 | D:10     | HP: 20/91 [boulder beetle (10)]
 11630 | D:10     | HP: 10/91 [boulder beetle (12)]
 11632 | D:10     | HP: 2/91 [boulder beetle (19)]
 11636 | D:10     | You are sucked into a shaft and drop 1 floor!
 11829 | D:11     | Noticed a two-headed ogre
 11839 | D:11     | Killed a two-headed ogre
 12076 | D:10     | Noticed a centaur warrior
 12086 | D:10     | Killed a centaur warrior
 12185 | D:10     | Reached ***** piety under Okawaru
 12251 | D:10     | You pick up a book of Minor Magic and begin reading...
 12410 | D:10     | Noticed a death knight
 12427 | D:10     | HP: 13/97 [death knight/+2 glaive (19)]
 12428 | D:10     | Slain by a death knight

Vanquished Creatures
  2 centaur warriors
  A two-headed ogre (D:11)
  Maggie (D:7)
  A gargoyle (D:8)
  An efreet (D:10)
  A tengu conjurer (D:10)
  A troll (D:10)
  A tarantella (shapeshifter) (D:10)
  A hornet (D:9)
  A slime creature (D:10)
  Sigmund (D:4)
  A centaur simulacrum (D:10)
  A vampire (D:10)
  2 wyverns
  16 yaks
  A basilisk (D:10)
  Menkaure (D:4)
  2 steam dragons
  A water moccasin (D:8)
  An acid dragon (D:10)
  4 orc warriors
  A black bear (D:6)
  A sky beast (D:7)
  2 ogres
  6 centaurs
  A phantom (D:5)
  3 kobold brigands
  8 bullfrogs
  2 scorpions (D:5)
  3 wights
  7 killer bees
  4 howler monkeys
  An electric eel (D:6)
  3 hounds
  3 orc priests
  A gnoll bouda (D:9)
  3 jellies
  6 iguanas (D:6)
  A sleepcap (D:4)
  9 orc wizards
  3 gnolls (D:9)
  4 adders
  4 shadow imps
  A white imp (D:6)
  3 ufetubi
  A dart slug (D:1)
  20 orcs
  4 ball pythons
  6 endoplasms
  2 giant cockroaches
  2 goblins
  7 hobgoblins
  10 jackals
  3 quokkas
  5 bats
  24 kobolds
  6 rats
212 creatures vanquished.

Vanquished Creatures (others)
  14 fungi (D:11)
  32 plants
  4 toadstools (D:7)
50 creatures vanquished.

Grand Total: 262 creatures vanquished

Table legend:
 A = Non-vault XP
 B = Vault XP
 C = Vault XP percentage of total XP
 D = Non-vault monster count
 E = Vault monster count
 F = Vault count percentage of total count
                 A         B        C        D         E       F
            +---------+---------+-------+---------+---------+-------
      Total |   10932 |    4787 |  30.5 |     195 |      17 |   8.0
            +---------+---------+-------+---------+---------+-------
        D:1 |      19 |       0 |   0.0 |      11 |       0 |   0.0
        D:2 |      37 |       0 |   0.0 |      16 |       0 |   0.0
        D:3 |      45 |       0 |   0.0 |      15 |       0 |   0.0
        D:4 |     109 |     430 |  79.8 |      18 |       2 |  10.0
        D:5 |     676 |       0 |   0.0 |      15 |       0 |   0.0
        D:6 |    1005 |       0 |   0.0 |      28 |       0 |   0.0
        D:7 |    1012 |     398 |  28.2 |      22 |       1 |   4.3
        D:8 |    1524 |    1225 |  44.6 |      19 |       2 |   9.5
        D:9 |    3583 |       0 |   0.0 |      39 |       0 |   0.0
       D:10 |    2103 |    2732 |  56.5 |      11 |      11 |  50.0
       D:11 |     819 |       2 |   0.2 |       1 |       1 |  50.0
            +---------+---------+-------+---------+---------+-------

Illustrated notes

Table legend:
 A = Kills in this place as a percentage of kills in the entire game.
 B = Kills by you in this place as a percentage of kills by you in the entire game.
 C = Kills by friends in this place as a percentage of kills by friends in the entire game.
 D = Other kills in this place as a percentage of other kills in the entire game.
 E = Experience gained in this place as a percentage of experience gained in the entire game.
 F = Experience gained in this place divided by the number of levels of this place that you have seen.
                   A       B       C       D       E      F
               +-------+-------+-------+-------+-------+----------------------
         Total | 100.0 | 100.0 |   N/A |   N/A | 100.0 | 1309.9
       Dungeon | 100.0 | 100.0 |   N/A |   N/A | 100.0 | 1429.0
               +-------+-------+-------+-------+-------+----------------------

Table legend: (Time is in decaauts)
 A = Elapsed time spent in this place.
 B = Non-inter-level travel time spent in this place.
 C = Inter-level travel time spent in this place.
 D = Time resting spent in this place.
 E = Time spent auto-exploring this place.
 F = Levels seen in this place.
 G = Mean time per level.
                   A        B        C        D        E       F      G
               +--------+--------+--------+--------+--------+-----+--------+
         Total |  12426 |  11732 |    694 |   1190 |   8721 |  12 | 1035.5 |
       Dungeon |  12087 |  11433 |    654 |   1190 |   8433 |  11 | 1098.8 |
        Temple |    338 |    298 |     40 |      0 |    288 |   1 |  338.0 |
               +--------+--------+--------+--------+--------+-----+--------+

Top non-repeatable levels by time:
     D:6: 1983 daAuts
     D:7: 1564 daAuts
    D:10: 1436 daAuts
     D:9: 1429 daAuts
     D:8: 1162 daAuts
     D:2: 955 daAuts
     D:4: 917 daAuts
     D:5: 860 daAuts
     D:3: 846 daAuts
     D:1: 672 daAuts
  Temple: 338 daAuts
    D:11: 260 daAuts
